[Event "GEO-ch 1st League 2021"]
[Site "Tbilisi"]
[Date "2021.04.05"]
[Round "8.12"]
[White "Gogolashvili, Giorgi"]
[Black "Lomaia, Diana"]
[Result "0-1"]
[ECO "B22"]
[WhiteElo "1448"]
[BlackElo "1946"]
[Annotator "ChessBase"]
[PlyCount "102"]
[EventDate "2021.03.29"]
[EventType "swiss"]
[EventCountry "GEO"]
[SourceTitle "playchess.com"]
[Source "ChessBase"]
[SourceQuality "1"]
[TimeControl "5400+30"]

1. e4 c5 2. d4 cxd4 3. c3 Nf6 4. e5 Nd5 5. Nf3 Nc6 6. Bc4 Nb6 7. Bb3 d6 8. exd6 Qxd6 9. cxd4 Be6 10. Nc3 Bxb3 11. Qxb3 e6 12. Be3 Be7 13. O-O O-O 14. Rfd1 Rfd8 15. Ne4 Qd7 16. Nc5 Bxc5 17. dxc5 Nd5 18. Bf4 a5 19. Bd6 b6 20. Ng5 bxc5 21. Bxc5 h6 22. Ne4 Rab8 23. Qg3 Kh8 24. Rd2 f5 25. Nd6 Kh7 26. Re1 Ncb4 27. h4 Na6 28. Bd4 Nac7 29. h5 Rb4 30. Be5 Rg4 31. Qa3 Nb5 32. Nxb5 Qxb5 33. Qd3 Rxg2+ 34. Kf1 Qb7 35. Qf3 Rg4 36. Bd4 Qb5+ 37. Qe2 Qxe2+ 38. Rexe2 Nf4 39. Re3 Rh4 40. f3 Rh1+ 41. Kf2 Rh2+ 42. Ke1 Rxd2 43. Kxd2 Rxd4+ 44. Kc3 Rd6 45. Kc4 g6 46. hxg6+ Kxg6 47. a3 h5 48. b4 axb4 49. axb4 h4 50. Re1 h3 51. Rg1+ Kh5 0-1

[Event "GEO-ch 1st League 2021"]
[Site "Tbilisi"]
[Date "2021.04.06"]
[Round "9.1"]
[White "Volkov, Nika"]
[Black "Lortkipanidze, Nodar"]
[Result "0-1"]
[ECO "A86"]
[WhiteElo "2084"]
[BlackElo "2416"]
[Annotator "ChessBase"]
[PlyCount "52"]
[EventDate "2021.03.29"]
[EventType "swiss"]
[EventCountry "GEO"]
[SourceTitle "playchess.com"]
[Source "ChessBase"]
[SourceQuality "1"]
[TimeControl "5400+30"]

1. d4 g6 2. c4 f5 3. g3 Nf6 4. Bg2 Bg7 5. Nc3 O-O 6. Qc2 d6 7. b3 Nc6 8. e3 e5 9. dxe5 dxe5 10. Ba3 Rf7 11. Nd5 e4 12. O-O-O Nxd5 13. cxd5 Ne5 14. f3 Nd3+ 15. Rxd3 exd3 16. Qxd3 Be6 17. f4 c6 18. d6 Qa5 19. b4 Qa4 20. Bf3 Rd8 21. Ne2 Rxd6 22. Nd4 Bxd4 23. exd4 Rxd4 24. Qe3 Rc4+ 25. Kd2 Qc2+ 26. Ke1 Qc3+ 0-1

[Event "GEO-ch 1st League 2021"]
[Site "Tbilisi"]
[Date "2021.04.06"]
[Round "9.2"]
[White "Arabidze, Meri"]
[Black "Azaladze, Shota"]
[Result "1-0"]
[ECO "E09"]
[WhiteElo "2437"]
[BlackElo "2439"]
[Annotator "ChessBase"]
[PlyCount "173"]
[EventDate "2021.03.29"]
[EventType "swiss"]
[EventCountry "GEO"]
[SourceTitle "playchess.com"]
[Source "ChessBase"]
[SourceQuality "1"]
[TimeControl "5400+30"]

1. d4 d5 2. c4 e6 3. Nf3 Nf6 4. g3 Be7 5. Bg2 O-O 6. O-O Nbd7 7. Qc2 c6 8. b3 b6 9. Bb2 Bb7 10. Nc3 Rc8 11. e4 dxe4 12. Nxe4 c5 13. Nxf6+ Bxf6 14. Ng5 Bxg5 15. Bxb7 Rc7 16. Be4 f5 17. Bg2 cxd4 18. Bxd4 Bf6 19. Rad1 Qe7 20. Be3 b5 21. Rfe1 bxc4 22. Bf4 e5 23. Qxf5 c3 24. Be3 g6 25. Qd3 Kg7 26. Rc1 Rfc8 27. Qb5 Nf8 28. Bh3 Ne6 29. f4 e4 30. Qd5 Re8 31. Qxe4 Nd4 32. Qxd4 c2 33. Qd2 Rd8 34. Qf2 Qe4 35. Bg2 Qd3 36. Bf1 Qe4 37. Bc4 Bc3 38. Rf1 Re8 39. Rxc2 Qxe3 40. Qxe3 Rxe3 41. Rd1 Ba5 42. Kg2 h5 43. Rd6 Rce7 44. Bd3 h4 45. Rxg6+ Kf7 46. Bf5 Re2+ 47. Kh3 Bb6 48. Rh6 Rxc2 49. Bxc2 Re2 50. Bd3 Rxa2 51. Rxh4 Bg1 52. Kg4 Bxh2 53. Kf3 Bg1 54. Rh7+ Kg8 55. Rh1 Bb6 56. g4 a5 57. Bb5 Rf2+ 58. Kg3 Rc2 59. Rf1 Kg7 60. g5 Bc7 61. Ba4 Kg6 62. Be8+ Kf5 63. Bd7+ Kg6 64. Rf3 Rd2 65. Bb5 Rd4 66. Kg4 Kg7 67. Ba4 Kg6 68. Be8+ Kg7 69. Kf5 Bb8 70. Kg4 Rd8 71. Ba4 Rd4 72. Bc6 Kg6 73. Be8+ Kg7 74. Kf5 Rd8 75. Re3 Rd5+ 76. Ke4 Rd1 77. f5 Kf8 78. Bb5 Rg1 79. Rc3 Rg4+ 80. Kd5 Bg3 81. Rc8+ Kf7 82. Be8+ Kg7 83. f6+ Kh7 84. g6+ Kh6 85. Bf7 Rg5+ 86. Ke6 Re5+ 87. Kd7 1-0

[Event "GEO-ch 1st League 2021"]
[Site "Tbilisi"]
[Date "2021.04.06"]
[Round "9.3"]
[White "Petriashvili, Nikoloz"]
[Black "Akhvlediani, Irakli"]
[Result "1/2-1/2"]
[ECO "B40"]
[WhiteElo "2425"]
[BlackElo "2355"]
[Annotator "ChessBase"]
[PlyCount "97"]
[EventDate "2021.03.29"]
[EventType "swiss"]
[EventCountry "GEO"]
[SourceTitle "playchess.com"]
[Source "ChessBase"]
[SourceQuality "1"]
[TimeControl "5400+30"]

1. e4 c5 2. Nf3 e6 3. b3 b6 4. Bb2 Bb7 5. Nc3 Nf6 6. e5 Ng4 7. h3 Nh6 8. Bd3 Nc6 9. Qe2 f5 10. exf6 gxf6 11. O-O-O Bg7 12. g4 Qe7 13. Ba6 Bxa6 14. Qxa6 O-O 15. Rhe1 f5 16. g5 Nf7 17. h4 Qd6 18. Qc4 a6 19. Ne2 b5 20. Qf4 Bxb2+ 21. Kxb2 Qxf4 22. Nxf4 e5 23. Nd5 e4 24. Ng1 Nfe5 25. d3 exd3 26. f4 dxc2 27. Kxc2 Ng4 28. Ne7+ Nxe7 29. Rxe7 Rad8 30. Rdxd7 Ne3+ 31. Kd3 Rxd7+ 32. Rxd7 Ng2 33. Ne2 Re8 34. Rc7 Rd8+ 35. Kc3 b4+ 36. Kc4 Rd2 37. Re7 Rc2+ 38. Kd3 Rxa2 39. h5 Rb2 40. h6 Rxb3+ 41. Kd2 c4 42. Rg7+ Kf8 43. Rxh7 Rd3+ 44. Kc1 Ne3 45. g6 Rd1+ 46. Kb2 Rd2+ 47. Kb1 c3 48. Rf7+ Ke8 49. h7 1/2-1/2

[Event "GEO-ch 1st League 2021"]
[Site "Tbilisi"]
[Date "2021.04.06"]
[Round "9.4"]
[White "Morchiashvili, Bachana"]
[Black "Nigalidze, Gaioz"]
[Result "1/2-1/2"]
[ECO "D93"]
[WhiteElo "2313"]
[BlackElo "2480"]
[Annotator "ChessBase"]
[PlyCount "138"]
[EventDate "2021.03.29"]
[EventType "swiss"]
[EventCountry "GEO"]
[SourceTitle "playchess.com"]
[Source "ChessBase"]
[SourceQuality "1"]
[TimeControl "5400+30"]

1. d4 Nf6 2. Nf3 g6 3. c4 Bg7 4. Nc3 d5 5. Bf4 c6 6. e3 O-O 7. Be2 Be6 8. Ng5 Bf5 9. O-O h6 10. Nf3 Nbd7 11. cxd5 cxd5 12. Qb3 Qb6 13. Qxb6 Nxb6 14. Rfc1 Rac8 15. Nd2 g5 16. Be5 e6 17. Nb5 Rxc1+ 18. Rxc1 Rc8 19. Nb3 Rxc1+ 20. Nxc1 Nc8 21. Nb3 Ne8 22. Na5 a6 23. Nc3 Ned6 24. Na4 f6 25. Bxd6 Nxd6 26. Nc5 b6 27. Ncb7 Nxb7 28. Nxb7 a5 29. Nd6 Bb1 30. a3 f5 31. Nc8 e5 32. dxe5 Bxe5 33. b4 axb4 34. axb4 d4 35. Ne7+ Kg7 36. Nc6 d3 37. Bxd3 Bxh2+ 38. Kxh2 Bxd3 39. f4 Kf6 40. Ne5 Bb5 41. Kg3 Ke6 42. Nf3 Kf6 43. Kf2 g4 44. Ne5 Ke6 45. e4 h5 46. exf5+ Kxf5 47. g3 Ke4 48. Nf7 Bd7 49. Ne5 Be6 50. Nc6 b5 51. Ne5 Bf5 52. Nf7 Kd4 53. Ke2 Be6 54. Nd6 Bd7 55. Kd2 Kd5 56. Nf7 Ke4 57. Ng5+ Kd4 58. Nf7 h4 59. gxh4 Ke4 60. h5 g3 61. Ke2 Kxf4 62. h6 Bf5 63. Kf1 Bd3+ 64. Kg1 Bh7 65. Nd6 Kg5 66. Nxb5 Kxh6 67. Nd6 Bd3 68. Kg2 Kg6 69. Kxg3 Kf6 1/2-1/2

[Event "GEO-ch 1st League 2021"]
[Site "Tbilisi"]
[Date "2021.04.06"]
[Round "9.5"]
[White "Adamia, Jaba"]
[Black "Qalichava, Akaki"]
[Result "0-1"]
[ECO "E07"]
[WhiteElo "1899"]
[BlackElo "1877"]
[Annotator "NA"]
[PlyCount "64"]
[EventDate "2021.03.29"]
[EventType "swiss"]
[EventCountry "GEO"]
[SourceTitle "playchess.com"]
[Source "ChessBase"]
[SourceQuality "1"]
[TimeControl "5400+30"]

1. d4 Nf6 2. c4 e6 3. Nf3 b6 4. g3 Ba6 5. Nbd2 d5 6. Bg2 c6 7. O-O Be7 8. b3 Nbd7 9. Bb2 Rc8 10. Re1 O-O 11. e4 dxe4 12. Ng5 Qc7 13. Ndxe4 h6 14. Nh3 Nxe4 $11 15. Bxe4 Nf6 16. Bc2 Rfd8 17. Nf4 b5 18. Qd3 bxc4 19. bxc4 Rb8 20. Rab1 Rb4 21. Nh5 g6 22. Nxf6+ Bxf6 23. Bb3 c5 24. Re4 cxd4 25. Bxd4 Bb7 26. Rf4 Qc6 27. f3 Bxd4+ 28. Rxd4 Rxd4 29. Qxd4 Qxf3 30. Rb2 Bc6 31. Rd2 Rb7 32. Qb2 Rd7 0-1

[Event "GEO-ch 1st League 2021"]
[Site "Tbilisi"]
[Date "2021.04.06"]
[Round "9.6"]
[White "Kachkachishvili, Lasha"]
[Black "Mindiashvili, Tengiz"]
[Result "1-0"]
[ECO "E11"]
[WhiteElo "1681"]
[BlackElo "1923"]
[Annotator "ChessBase"]
[PlyCount "187"]
[EventDate "2021.03.29"]
[EventType "swiss"]
[EventCountry "GEO"]
[SourceTitle "playchess.com"]
[Source "ChessBase"]
[SourceQuality "1"]
[TimeControl "5400+30"]

1. d4 Nf6 2. Nf3 e6 3. c4 Bb4+ 4. Bd2 Qe7 5. g3 Nc6 6. Bg2 Bxd2+ 7. Nbxd2 d6 8. O-O O-O 9. Qc2 e5 10. e3 Bg4 11. h3 Bh5 12. d5 Nb8 13. b4 Bg6 14. Qb2 c6 15. Nh4 Bd3 16. Rfc1 e4 17. Qd4 Re8 18. Nf5 Qd7 19. g4 cxd5 20. cxd5 Na6 21. Ng3 Qb5 22. g5 Nxd5 23. Nf5 Nf6 24. Nxd6 Qxg5 25. Nxe8 Rxe8 26. a4 b6 27. a5 Qb5 28. axb6 axb6 29. Nc4 Rb8 30. Nxb6 h6 31. Nc4 Nxb4 32. Ra5 Qe8 33. Nd6 Qe6 34. Re5 Qd7 35. Nxe4 Qxd4 36. exd4 Rd8 37. Nxf6+ gxf6 38. Re3 Rxd4 39. Rd1 Rd7 40. Be4 Bb5 41. Rb1 Rd4 42. Bf3 Bd7 43. Re4 Nc6 44. Rxd4 Nxd4 45. Bg4 Bxg4 46. hxg4 f5 47. Rb4 Nc6 48. Rb6 Ne7 49. gxf5 Nxf5 50. Rf6 Ne7 51. Rxh6 Kg7 52. Ra6 Ng6 53. Kh2 Kh6 54. Kg3 f5 55. Rf6 Kg5 56. Rf7 f4+ 57. Kh3 Ne5 58. Rf8 Ng6 59. Ra8 Kf5 60. f3 Ne5 61. Rf8+ Kg5 62. Kg2 Ng6 63. Ra8 Kf5 64. Ra5+ Ne5 65. Kf2 Kf6 66. Ke2 Ke6 67. Ra4 Kf5 68. Re4 Ng6 69. Re8 Ne5 70. Rf8+ Kg5 71. Kf2 Nd3+ 72. Kf1 Ne5 73. Kg2 Ng6 74. Rg8 Kf5 75. Kh3 Ne5 76. Rf8+ Kg5 77. Kg2 Ng6 78. Rb8 Kf5 79. Kh3 Ne5 80. Rb3 Kg5 81. Ra3 Kh6 82. Kh4 Kg6 83. Rb3 Kh6 84. Rb6+ Kg7 85. Rb3 Kh6 86. Rb6+ Kg7 87. Kg5 Nxf3+ 88. Kxf4 Nd4 89. Ke4 Ne2 90. Rb3 Kf6 91. Re3 Nc1 92. Kd4 Na2 93. Kc4 Kf5 94. Re1 1-0

[Event "GEO-ch 1st League 2021"]
[Site "Tbilisi"]
[Date "2021.04.06"]
[Round "9.8"]
[White "Lomaia, Diana"]
[Black "Tsereteli, Tornike"]
[Result "0-1"]
[ECO "E04"]
[WhiteElo "1946"]
[BlackElo "1765"]
[Annotator "ChessBase"]
[PlyCount "114"]
[EventDate "2021.03.29"]
[EventType "swiss"]
[EventCountry "GEO"]
[SourceTitle "playchess.com"]
[Source "ChessBase"]
[SourceQuality "1"]
[TimeControl "5400+30"]

1. d4 Nf6 2. c4 e6 3. g3 d5 4. Nf3 Nc6 5. Bg2 dxc4 6. Qa4 Bb4+ 7. Bd2 Nd5 8. Qb5 Bxd2+ 9. Nbxd2 Ndb4 10. O-O Qd5 11. Qxc4 Qxc4 12. Nxc4 O-O 13. a3 Nd5 14. Rac1 f6 15. Rfd1 Nb6 16. e4 Rd8 17. Ne3 Rb8 18. h4 Na8 19. Bf1 Ne7 20. b4 c6 21. Bc4 Nc7 22. Ng2 h6 23. h5 Kf7 24. Nf4 Bd7 25. Nd2 g5 26. hxg6+ Nxg6 27. Nxg6 Kxg6 28. Nb3 b6 29. Rc2 Be8 30. Rcd2 Bf7 31. f4 f5 32. exf5+ Kxf5 33. Kf2 Rd6 34. Rh1 Kg6 35. Kf3 Kg7 36. g4 Rf8 37. Kg3 Bg6 38. Re1 Nd5 39. Bxd5 cxd5 40. Rc1 h5 41. gxh5 Bxh5 42. Rdc2 Kf6 43. Rh2 Rg8+ 44. Kf2 Be8 45. Rh7 Rg4 46. Rxa7 Rxf4+ 47. Kg3 Rf5 48. Rc8 Bf7 49. b5 Kg7 50. Rc6 Rd8 51. Nd2 Rg8 52. Nf3 Kh8+ 53. Kf2 Bh5 54. Rxe6 Rxf3+ 55. Ke1 Rg1+ 56. Kd2 Rf2+ 57. Kd3 Rg3+ 0-1

[Event "GEO-ch 1st League 2021"]
[Site "Tbilisi"]
[Date "2021.04.06"]
[Round "9.9"]
[White "Shapovalovi, Vasiko"]
[Black "Esadze, Tamari"]
[Result "1/2-1/2"]
[ECO "D32"]
[WhiteElo "1741"]
[BlackElo "1889"]
[Annotator "NA"]
[PlyCount "76"]
[EventDate "2021.03.29"]
[EventType "swiss"]
[EventCountry "GEO"]
[SourceTitle "playchess.com"]
[Source "ChessBase"]
[SourceQuality "1"]
[TimeControl "5400+30"]

1. Nf3 Nf6 2. e3 d5 3. c4 e6 4. Be2 Be7 5. O-O O-O 6. Nc3 c5 $11 7. cxd5 exd5 8. d4 Nc6 9. b3 Be6 10. Bb2 Rc8 11. Rc1 cxd4 12. Nxd4 Nxd4 13. Qxd4 Bc5 14. Qh4 Ne4 15. Qxd8 Rfxd8 16. Nb5 a6 17. Nd4 Bb4 18. Bd3 Bd2 19. Rxc8 Rxc8 20. Rd1 Bc3 21. Bxe4 Bxb2 22. Nxe6 fxe6 23. Bb1 e5 24. Bf5 Rc6 25. Bd7 Rd6 26. Rxd5 Rxd5 27. Be6+ Kf8 28. Bxd5 b6 29. Kf1 Ke7 30. Ke2 Kd6 31. Be4 h6 32. Kd3 Kc5 33. a4 a5 34. Bg6 Kd6 35. Ke4 Ke6 36. f4 exf4 37. exf4 Bc3 38. g4 Be1 1/2-1/2

[Event "GEO-ch 1st League 2021"]
[Site "Tbilisi"]
[Date "2021.04.06"]
[Round "9.10"]
[White "Darsadze, Nikoloz"]
[Black "Elashvili, Giorgi"]
[Result "0-1"]
[ECO "D02"]
[WhiteElo "1694"]
[BlackElo "1857"]
[Annotator "NA"]
[PlyCount "60"]
[EventDate "2021.03.29"]
[EventType "swiss"]
[EventCountry "GEO"]
[SourceTitle "playchess.com"]
[Source "ChessBase"]
[SourceQuality "1"]
[TimeControl "5400+30"]

1. d4 d5 2. Nf3 Nf6 3. Bf4 c5 4. e3 Nc6 5. c3 Qb6 6. Qb3 c4 7. Qc2 Bf5 8. Qc1 h6 9. h3 e6 10. Nbd2 Be7 11. Be2 O-O 12. O-O Rfc8 13. Bd1 Qa5 14. Bc2 b5 15. Bxf5 exf5 16. Nh4 g5 17. Nxf5 gxf4 18. Nxh6+ Kf8 19. exf4 b4 20. Qc2 bxc3 21. bxc3 Rab8 22. g4 Qa3 23. g5 Ng8 24. Nf3 Nxh6 25. gxh6 Qd6 26. h7 Kg7 27. Ne5 Nxe5 28. fxe5 Qg6+ 29. Qxg6+ Kxg6 30. f4 Kf5 0-1

[Event "GEO-ch 1st League 2021"]
[Site "Tbilisi"]
[Date "2021.04.06"]
[Round "9.12"]
[White "Safarov, Deniel"]
[Black "Kvikvinia, Teimuraz"]
[Result "1-0"]
[ECO "B32"]
[WhiteElo "1720"]
[BlackElo "1632"]
[Annotator "NA"]
[PlyCount "77"]
[EventDate "2021.03.29"]
[EventType "swiss"]
[EventCountry "GEO"]
[SourceTitle "playchess.com"]
[Source "ChessBase"]
[SourceQuality "1"]
[TimeControl "5400+30"]

1. e4 c5 2. Nf3 Nc6 3. d4 cxd4 4. Nxd4 e5 5. Nb5 d6 6. N1c3 a6 7. Na3 f5 8. exf5 Bxf5 9. Be3 Nf6 10. Bc4 b5 11. Bd5 Bd7 12. Ne4 Nxe4 13. Bxe4 Qf6 14. c4 b4 15. Nc2 Rb8 16. O-O Be7 17. Qd3 g5 18. Rad1 Rd8 19. Bb6 Rb8 20. Ne3 Nd4 21. Nd5 Qg7 22. Nc7+ Kf8 23. Bxd4 exd4 24. f4 g4 25. Bc6 Bc8 26. f5 Bf6 27. Ne6+ Bxe6 28. fxe6 Ke7 29. c5 dxc5 30. Qxa6 Rhc8 31. Bd7 Ra8 32. Qb6 Rab8 33. Qa7 Ra8 34. Qb7 Rab8 35. Qd5 Rc7 36. Rxf6 Qxf6 37. Rf1 Qg7 38. Rf7+ Qxf7 39. exf7 1-0